 Dungeon Crawl Stone Soup version 0.21-a0-618-g6cbd37f (webtiles) character file.

14 M4edhros the Charlatan (level 2, -1/18 HPs)
             Began as an Octopode Artificer on Dec 23, 2017.
             Killed from afar by a dart slug (6 damage)
             ... with a slug dart
             ... on level 2 of the Dungeon.
             The game lasted 00:01:00 (185 turns).

M4edhros the Charlatan (Octopode Artificer)          Turns: 185, Time: 00:01:01

Health: -1/18      AC:  1    Str: 11    XL:     2   Next: 41%
Magic:  4/4        EV: 13    Int: 13    God:
Gold:   9          SH:  0    Dex: 12    Spells: 1/1 levels left

rFire    . . .     SeeInvis .   a - +0 short sword
rCold    . . .     Gourm    .   (no shield)
rNeg     . . .     Faith    .   (helmet restricted)
rPois    .         Spirit   .   (no amulet)
rElec    .         Reflect  .   g - ring of flight
rCorr    .         Harm     .   (no ring)
MR       .....                  (no ring)
Stlth    +++.......             (no ring)
HPRegen  0.06/turn              (no ring)
MPRegen  0.09/turn              (no ring)
                                (no ring)
                                (no ring)

@: no status effects
A: almost no armour, stealthy swim, amphibious, 8 rings, constrict 8, camouflage
1, gelatinous body 1
a: Evoke Flight


You were on level 2 of the Dungeon.
You were not hungry.

You visited 1 branch of the dungeon, and saw 2 of its levels.

You collected 9 gold pieces.

Inventory:

Hand Weapons
 a - a +0 short sword (weapon)
Jewellery
 g - a ring of flight (left tentacle)
Wands
 b - a wand of flame (15)
 c - a wand of enslavement (15)
 d - a wand of random effects (15)
Scrolls
 e - a scroll of enchant armour {unknown}
 i - a scroll of teleportation {unknown}
Potions
 h - a potion of haste {unknown}
Comestibles
 f - a ration


   Skills:
 - Level 1.0 Fighting
 - Level 1.0 Short Blades
 + Level 2.3 Dodging
 + Level 2.2 Stealth
 + Level 3.6 Evocations


You had one spell level left.
You didn't know any spells.

Dungeon Overview and Level Annotations

Branches:
Dungeon (2/15)

Altars:


Innate Abilities, Weirdness & Mutations

You cannot wear most types of armour.
You are very stealthy in the water. (Stealth+)
You are amphibious.
You can wear up to eight rings at the same time.
You can use your tentacles to constrict eight enemies at once.
Your skin changes colour to match your surroundings (Stealth+).
Your rubbery body absorbs attacks. (AC +1, EV +1)


Message History

You constrict the leopard gecko.
The leopard gecko completely misses you.
You hit the leopard gecko.
You kill the leopard gecko!
The rat barely misses you.
You barely miss the rat. You grab the rat. You constrict the rat.
The rat bites you.
You hit the rat.
You kill the rat!
You see here a rat corpse.
There is an open door here.
A dart slug comes into view.
The dart slug launches a dart at you. The slug dart hits you!
* * * LOW HITPOINT WARNING * * *
You hit the dart slug but do no damage. You grab the dart slug.
You constrict the dart slug. The dart slug launches a dart at you.
The slug dart hits you!
You die...

#.. .. #.# #.
#.# #. #.# #
#. #.# #.#
#.###.###...#
##............
#.......# .#
#.#@....## .#
#.w.#+#..# .#
#..## ##.##.#
#.. #..#.#
#.#######.#.#
#.#)†...#.<.#
..#.†...'..##
#.#########.#
#.## #####


You could see a dart slug.

Vanquished Creatures
  A leopard gecko (D:2)
  A bat (D:2)
  3 goblins (D:1)
  3 frilled lizards (D:1)
  2 kobolds
  3 rats
13 creatures vanquished.

Notes
Turn   | Place    | Note
-------+----------+-------------------------------------------
     0 | D:1      | M4edhros the Octopode Artificer began the quest for the Orb.
     0 | D:1      | Reached XP level 1. HP: 13/13 MP: 3/3
    89 | D:1      | Reached XP level 2. HP: 13/18 MP: 4/4
   185 | D:2      | Killed from afar by a dart slug

Vault maps used:
D:1:      ncdulo_watergridlock, minmay_pentomino_x2
D:2:      minmay_wonky_spiral, okawaru_ov_weapons_minmay, lemuel_crystal_altar,
          fiery_altar_vehumet, first_ration, minmay_divided_ellipse

Skill      XL: |  1 |
---------------+----+-----
Stealth        | 2 |  2.2
Fighting       | |  1.0
Short Blades   | |  1.0
Dodging        | |  2.3
Evocations     | |  3.6

Action                   || total
-------------------------++-------
Melee: Short sword       ||    28
       Constrict         ||     8
       Tentacles         ||     1
 Stab: Sleeping          ||     5
Armor: Skin              ||     2
Dodge: Dodged            ||    18

Table legend:
 A = Spawn XP
 B = Non-spawn XP
 C = Spawn XP percentage of total XP
 D = Spawn monster count
 E = Non-spawn monster count
 F = Spawn count percentage of total count
 G = Total turns spent on level
                    A         B        C        D         E        F      G
               +---------+---------+-------+---------+---------+-------+---------
         Total |       0 |      20 |   0.0 |       0 |      13 |   0.0 |   185
               +---------+---------+-------+---------+---------+-------+---------
           D:1 |       0 |      12 |   0.0 |       0 |       9 |   0.0 |   128
           D:2 |       0 |       8 |   0.0 |       0 |       4 |   0.0 |    57
               +---------+---------+-------+---------+---------+-------+---------
